 Dungeon Crawl Stone Soup version 0.28.0-53-g5a82cb258f (webtiles) character file.

Game seed: 12314063960592407425

109 safid the Chopper (level 4, -1/40 HPs)
             Began as a Hill Orc Fighter on Aug 15, 2022.
             Killed from afar by an orc wizard (9 damage)
             ... with a magic dart
             ... on level 3 of the Dungeon.
             The game lasted 00:02:29 (2525 turns).

safid the Chopper (Hill Orc Fighter)                Turns: 2525, Time: 00:02:30

Health: -1/40      AC:  9    Str: 20    XL:     4   Next: 89%
Magic:  4/4        EV:  9    Int: 12    God:
Gold:   54         SH:  0    Dex: 10    Spells: 3/3 levels left

rFire   . . .      SeeInvis .   a - +0 war axe
rCold   . . .      Faith    .   c - +0 buckler
rNeg    . . .      Spirit   .   b - +0 scale mail
rPois   .          Reflect  .   (no helmet)
rElec   .          Harm     .   h - +0 cloak
rCorr   .          Rampage  .   (no gloves)
Will    .....                   n - +0 pair of boots of the Chupacabra {Int+4}
Stlth   ..........              (no amulet)
HPRegen 0.13/turn               (no ring)
MPRegen 0.09/turn               (no ring)

@: confused
A: no striking features
a: no special abilities


You were on level 3 of the Dungeon.
You visited 1 branch of the dungeon, and saw 3 of its levels.

You collected 54 gold pieces.

Inventory:

Hand Weapons
 a - a +0 war axe (weapon)
Missiles
 e - 2 throwing nets (quivered)
Armour
 b - a +0 scale mail (worn)
 c - a +0 buckler (worn)
 h - a +0 cloak (worn)
 n - the +0 pair of boots of the Chupacabra (worn) {Int+4}
   (You found it on level 2 of the Dungeon)

   Int:       It affects your intelligence (+4).
Wands
 p - a wand of flame (13)
Scrolls
 f - 2 scrolls of fear {unknown}
 i - 2 scrolls of immolation {unknown}
 j - a scroll of vulnerability {unknown}
 l - a scroll of identify {unknown}
 m - a scroll of fog {unknown}
 o - 2 scrolls of teleportation {unknown}
Potions
 d - a potion of might
 g - a potion of degeneration {unknown}
 k - a potion of brilliance {unknown}


   Skills:
 - Level 4.0 Fighting
 + Level 5.0 Axes
 - Level 4.0 Armour
 - Level 4.0 Shields


You had 3 spell levels left.
You didn't know any spells.
Your spell library was empty.

Dungeon Overview and Level Annotations

Branches:
Dungeon (3/15)

Altars:

Shops:
D:3 (


Message History

You barely miss something. Something hits you but does no damage.
You barely miss something. Something hits you but does no damage.
You hear some strange, mumbled words.
A magic dart appears from out of thin air!
The magic dart hits you.
You barely miss something. Something hits you but does no damage.
You barely miss something.
You hear some strange, mumbled words.
You are confused.
Something hits you.
Things that are here:
a +0 whip; an orc corpse Something hits you but does no damage.
You bump into the rock wall.
You feel less confused. Something hits you but does no damage.
You miss something. Something hits you.
You miss something.
You hear some strange, mumbled words.
A magic dart appears from out of thin air!
The magic dart hits you. Something hits you but does no damage.
You closely miss something. You block something's attack.
You closely miss something. Something hits you but does no damage.
You closely miss something.
You hear some strange, mumbled words.
A magic dart appears from out of thin air!
The magic dart hits you.
You miss something.
Something hits you but does no damage. x2
You miss something.
You hear some strange, mumbled words.
You are confused.
You barely miss something. Something hits you.
You completely miss something. Something hits you.
* * * LOW HITPOINT WARNING * * *
Something hits you.
* * * LOW HITPOINT WARNING * * *
You hear some strange, mumbled words.
A magic dart appears from out of thin air!
The magic dart hits you!
You die...

##########......
................
#####....)....
########.##......
#........#####...
########.###############
....................# #
##.....))##########.####
.......@{...............
##.#..............#.....
#....###########+#.....
##### #..........
#........). #.........#
#.........# ## #.........#
...################.######


There were no monsters in sight!

Vanquished Creatures
  4 adders
  2 worms (D:2)
  2 dart slugs (D:2)
  2 orcs (D:3)
  7 ball pythons
  6 endoplasms
  A giant cockroach (D:2)
  5 goblins
  3 hobgoblins
  7 kobolds
  3 quokkas (D:1)
  5 bats
  6 frilled lizards
  8 rats
61 creatures vanquished.

Notes
Turn   | Place    | Note
-------+----------+-------------------------------------------
     0 | D:1      | safid the Hill Orc Fighter began the quest for the Orb.
     0 | D:1      | Reached XP level 1. HP: 19/19 MP: 1/1
   136 | D:1      | Found a faded altar of an unknown god.
   255 | D:1      | Reached XP level 2. HP: 27/27 MP: 2/2
   270 | D:1      | Reached skill level 3 in Axes
   741 | D:1      | Reached XP level 3. HP: 29/33 MP: 3/3
  1363 | D:2      | Reached XP level 4. HP: 32/40 MP: 4/4
  1552 | D:2      | Reached skill level 4 in Axes
  1860 | D:2      | Identified the +0 pair of boots of the Chupacabra {Int+4}
  2017 | D:3      | Found Bap Ucu's Antique Weapon Shop.
  2504 | D:3      | Reached skill level 5 in Axes
  2525 | D:3      | Killed from afar by an orc wizard

Illustrated notes

Levels and vault maps discovered:
D:1:      scummos_arrival_gate, layout_basic,
          dreamdust_ecumenical_altar_drowned_temple, chequers_garden
D:2:      layout_loops_ring
D:3:      layout_basic, serial_shops, nicolae_shop_trees

Skill      XL: |  1  2  3  4 |
---------------+-------------+-----
Axes           | 3 5 |  5.0
Fighting       | 4 |  4.0
Shields        | 4 |  4.0
Armour         | 4 |  4.0

Action                   |  1- 3 |  4- 6 || total
-------------------------+-------+-------++-------
Melee: War axe           |   116 |    92 ||   208
Armor: Scale mail        |    69 |    56 ||   125
Dodge: Dodged            |    45 |    31 ||    76
Block: Buckler           |    27 |    16 ||    43
